Map: New Gettysburg LE

Players

BillieJean

  • Race: Terran Terran
  • League: Bronze
  • Spawn Location: 7:00

Fropez - Winner!

  • Race: Protoss Protoss
  • League: Gold
  • Spawn Location: 5:00

VOD

Have the link to the VOD?

Description

Time

  • Played on: Aug. 5, 2016, 12:56 p.m.
  • Length: 2:47
Show
View Real Time Build Order
Export as new Build Order

BillieJean Terran 

Build Orders: Command Center First (CC) 

Get SALT Encoding   

  12  0:01  SCV  
  13  0:13  SCV  
  14  0:19  Supply Depot  
  14  0:25  SCV  
  15  0:41  SCV  
  16  0:53  SCV  
  17  1:03  Command Center  
  17  1:05  SCV  
  18  1:17  SCV  
  19  1:24  Barracks  
  19  1:29  SCV  
  20  1:37  Supply Depot  
  20  1:41  SCV  
  20  1:43  Refinery  
  21  2:01  SCV  
  22  2:05  Barracks  
  22  2:16  Orbital Command x2  
  22  2:20  Marine  
  23  2:39  Supply Depot  
  23  2:41  Refinery  
Show
View Real Time Build Order
Export as new Build Order

Fropez Protoss - Winner!

Build Orders: 1 Gate Expand 

Get SALT Encoding   

  12  0:01  Probe (Chrono Boost)  
  13  0:13  Probe (Chrono Boost)  
  14  0:23  Pylon  
  14  0:24  Probe (Chrono Boost)  
  15  0:41  Gateway  
  15  0:42  Probe (Chrono Boost)  
  16  0:47  Assimilator  
  16  0:55  Probe (Chrono Boost)  
  17  1:09  Probe (Chrono Boost)  
  18  1:24  Nexus  
  18  1:34  Assimilator  
  18  1:39  Cybernetics Core  
  18  1:41  Probe (Chrono Boost)  
  19  1:54  Probe (Chrono Boost)  
  19  2:04  Probe (Chrono Boost)  
  19  2:05  Assimilator  
  20  2:18  Pylon  
  20  2:19  Mothership Core  
  22  2:35  Pylon  
Tags
 
Add a new tag
Caveats
  • Supply blocks, unpowered buildings, or Contaminate may cause inaccurate times.
  • Supply counts are checked every 10 seconds.